 Dungeon Crawl Stone Soup version 0.29-a0-1052-g6990b1bffc (webtiles) character file.

Game seed: 14514648518862620005

0 MagicaeDraco the Grave Robber (level 1, -1/13 HPs)
             Began as a Mummy Necromancer on Aug 18, 2022.
             Slain by a jackal (2 damage)
             ... on level 1 of the Dungeon.
             The game lasted 00:00:41 (50 turns).

MagicaeDraco the Grave Robber (Mummy Necromancer)     Turns: 50, Time: 00:00:41

Health: -1/13      AC:  2    Str: 11    XL:     1   Next: 8%
Magic:  4/4        EV: 12    Int: 14    God:
Gold:   5          SH:  0    Dex: 12    Spells: 4/5 levels left

rFire   x . .      SeeInvis .   (no weapon)
rCold   + . .      Faith    .   (no shield)
rNeg    + + +      Spirit   .   a - +0 robe
rPois   ∞          Reflect  .   (no helmet)
rElec   .          Harm     .   (no cloak)
rCorr   .          Rampage  .   (no gloves)
Will    .....                   (no boots)
Stlth   ++........              (no amulet)
HPRegen 0.04/turn               (no ring)
MPRegen 0.09/turn               (no ring)

@: no status effects
A: cold resistance 1, negative energy resistance 3, torment resistance 2, heat
vulnerability 1, no potions
a: no special abilities


You were on level 1 of the Dungeon.
You visited 1 branch of the dungeon, and saw 1 of its levels.

You collected 5 gold pieces.

Inventory:

Missiles
 b - 6 poisoned darts (quivered)
Armour
 a - a +0 robe (worn)


   Skills:
 + Level 1.5 Dodging
 + Level 1.5 Stealth
 + Level 2.6 Spellcasting
 + Level 4.0 Necromancy


You had 4 spell levels left.
You knew the following spells:

 Your Spells              Type           Power      Damage    Failure   Level
a - Necrotise             Necr           52%        1d6       4%          1

Your spell library contained the following spells:

 Spells                   Type           Power      Damage    Failure   Level
 Vampiric Draining        Necr           13%        2d6       13%         3
 Animate Dead             Necr           13%        N/A       38%         4
 Agony                    Necr           13%        N/A       75%         5


Dungeon Overview and Level Annotations

Branches:
Dungeon (1/15)

Altars:


Innate Abilities, Weirdness & Mutations

You are immune to poison.
Your flesh is cold resistant. (rC+)
You are immune to negative energy. (rN+++)
You are immune to unholy pain and torment.
You are vulnerable to heat. (rF-)
You do not drink.


Message History

You closely miss the rat. The rat bites you but does no damage.
You hit the rat but do no damage. The rat closely misses you.
You hit the rat.
The rat is severely wounded.
The rat closely misses you.
You barely miss the rat.
The rat is severely wounded.
The rat bites you.
The goblin hits you with a +2 dagger of draining.
You barely miss the rat.
The rat is moderately wounded.
The rat barely misses you. The goblin closely misses you.
You hit the rat.
You kill the rat!
The jackal closely misses you. The goblin misses you.
You hit the jackal but do no damage. The jackal bites you.
The goblin hits you with a +2 dagger of draining.
You hit the jackal but do no damage. The jackal misses you. x2
The goblin barely misses you.
You hit the jackal.
The jackal is moderately wounded.
The jackal misses you.
The goblin hits you with a +2 dagger of draining.
You hit the jackal but do no damage.
The jackal is moderately wounded.
The jackal closely misses you.
The goblin hits you with a +2 dagger of draining.
* * * LOW HITPOINT WARNING * * *
You hit the jackal but do no damage.
The jackal is moderately wounded.
The jackal closely misses you.
The jackal bites you but does no damage.
The goblin hits you but does no damage.
You closely miss the jackal.
The jackal is moderately wounded.
The jackal misses you.
The goblin hits you with a +2 dagger of draining.
* * * LOW HITPOINT WARNING * * *
You closely miss the goblin. The jackal bites you.
You die...

# .. .. ##.### .....
..###..####
#......@g.##
#######.h..#####
###......######+##
.......####..##.......
....... #...#.......
....... ##..#..⌠...⌠
...g... #..#.......
....... #..'....<..
.h..... ####.##.......


You could see a jackal and a goblin.

Vanquished Creatures
  A rat (D:1)
1 creature vanquished.

Notes
Turn   | Place    | Note
-------+----------+-------------------------------------------
     0 | D:1      | MagicaeDraco the Mummy Necromancer began the quest for the
                  | Orb.
     0 | D:1      | Reached XP level 1. HP: 13/13 MP: 4/4
    50 | D:1      | Slain by a jackal

Illustrated notes

Levels and vault maps discovered:
D:1:      mushboom_english_gardens, layout_rooms,
          shapermc_ecumenical_altar_petra, serial_park_tiny_2,
          hangedman_feature_mirror

Action                   || total
-------------------------++-------
Melee: Unarmed           ||    13
Armor: Robe              ||     3
Dodge: Dodged            ||    14

Table legend: (Time is in decaauts)
 A = Elapsed time spent in this place.
 B = Non-inter-level travel time spent in this place.
 C = Inter-level travel time spent in this place.
 D = Time resting spent in this place.
 E = Time spent auto-exploring this place.
 F = Levels seen in this place.
 G = Mean time per level.
                   A        B        C        D        E       F      G
               +--------+--------+--------+--------+--------+-----+--------+
         Total |     50 |     50 |      0 |      0 |      0 |   1 |   50.0 |
       Dungeon |     50 |     50 |      0 |      0 |      0 |   1 |   50.0 |
               +--------+--------+--------+--------+--------+-----+--------+

Top non-repeatable levels by time:
     D:1: 50 daAuts
